 Dungeon Crawl Stone Soup version 0.17-a0-18-gc25b939 (webtiles) character file.

1887 JacquesDerrida the Summoner (level 9, 0/57 HPs)
             Began as a Merfolk Summoner on Mar 7, 2015.
             Was a Follower of Ashenzari.
             Shot with an arrow of flame by a centaur (13 damage)
             ... on level 8 of the Dungeon.
             The game lasted 00:33:04 (4478 turns).

JacquesDerrida the Summoner (Merfolk Summoner)      Turns: 4478, Time: 00:33:04

Health: 0/57       AC:  2    Str:  9    XL:     9   Next: 14%
Magic:  2/17       EV: 12    Int: 17    God:    Ashenzari [*.....]
Gold:   431        SH:  0    Dex: 14    Spells: 4 memorised, 4 levels left

rFire  . . .     SeeInvis .     b - +0 blowgun
rCold  . . .     Clarity  .     A - -1 leather armour (curse)
rNeg   . . .     SustAb   +     (no shield)
rPois  .         Gourm    +     (no helmet)
rElec  .         Spirit   .     (no cloak)
rCorr  .         Warding  .     (no gloves)
rMut   .         Stasis   .     (no boots)
MR     +....                    F - amulet of the gourmand (curse)
Stlth  ++........               y - ring of protection from magic (curse)
                                G - ring of sustain abilities

@: somewhat resistant to hostile enchantments, unstealthy
A: change form in water, swift swim
a: Renounce Religion


You were on level 8 of the Dungeon.
You worshipped Ashenzari.
Ashenzari was aware of your devotion.
You were very hungry.

You visited 2 branches of the dungeon, and saw 9 of its levels.

You collected 431 gold pieces.

Inventory:

Hand weapons
 a - a +0 glaive
 b - a +0 blowgun (weapon)
 L - a +0 short sword
Missiles
 i - 13 arrows of flame
 s - 3 javelins
 w - 25 poisoned needles (quivered)
 D - 6 tomahawks
Armour
 A - a cursed -1 leather armour (worn)
Jewellery
 m - a cursed ring of teleportation
 y - a cursed ring of protection from magic (right hand)
 F - a cursed amulet of the gourmand (around neck)
 G - a ring of sustain abilities (left hand)
Magical devices
 k - a wand of flame (16)
 n - a wand of slowing (39)
 M - a wand of magic darts (27)
Scrolls
 g - a scroll of recharging
 h - 3 scrolls of remove curse
 j - 2 scrolls of fog
 o - a scroll of magic mapping
 t - a scroll of teleportation
 I - 4 scrolls of curse armour
 J - a scroll of curse jewellery
 K - 2 scrolls of curse weapon
Potions
 e - 2 potions of brilliance
 l - 2 potions of magic
 p - a potion of beneficial mutation {unknown}
 q - 2 potions of haste
 r - a potion of invisibility
 u - 2 potions of agility
 x - 2 potions of restore abilities
 z - 2 potions of might
 E - a potion of resistance
Books
 d - the Disquisition on Hurtful Translocation
   (You found it on level 8 of the Dungeon)

   Spells                             Type                      Level
   a - Shroud of Golubria             Charms/Translocation         2
   b - Stone Arrow                    Conjuration/Earth            3
   c - Recall                         Summoning/Translocation      3
   d - Portal Projectile              Translocation                3
   e - Force Lance                    Conjuration/Translocation    4
   f - Phase Shift                    Translocation                5
 v - a book of Callings

   Spells                             Type                      Level
   a - Summon Small Mammal            Summoning                    1
   b - Call Imp                       Summoning                    2
   c - Call Canine Familiar           Summoning                    3
   d - Summon Guardian Golem          Hexes/Summoning              4
   e - Summon Lightning Spire         Summoning/Air                4
   f - Summon Ice Beast               Ice/Summoning                4
Comestibles
 c - 8 bread rations
 f - 2 meat rations


   Skills:
 + Level 8.0 Polearms
 - Level 2.6 Dodging
 - Level 2.1 Stealth
 - Level 3.0 Spellcasting
 - Level 8.3 Summonings
 + Level 6.9 Ice Magic


You had 4 spell levels left.
You knew the following spells:

 Your Spells              Type           Power        Failure   Level  Hunger
a - Summon Small Mammal   Summ           ####         1%          1    None
b - Call Imp              Summ           ####....     1%          2    ##.....
c - Call Canine Familiar  Summ           ####....     2%          3    ###....
d - Summon Ice Beast      Ice/Summ       ####....     14%         4    ####...


Dungeon Overview and Level Annotations

Branches:
Dungeon (8/15)             Temple (1/1) D:6            Lair (0/8) D:8

Altars:
Ashenzari
Cheibriados
Dithmenos
Gozag
Kikubaaqudgha
Makhleb
Nemelex Xobeh
Okawaru
Qazlal
Ru
Trog
Vehumet
Xom
Yredelemnul
The Shining One


Message History

You have reached level 9!
Your experience leads to an increase in your attributes!
Increase (S)trength, (I)ntelligence, or (D)exterity?
You feel clever.
Casting: Summon Ice Beast
Confirm with . or Enter, or press ? or * to list all spells.
A chill wind blows around you.
The centaur unwields an uncursed shortbow.
The centaur wields an uncursed hand axe.
The centaur hits your ice beast with an uncursed hand axe.
Unknown command.
Casting: Summon Ice Beast
Confirm with . or Enter, or press ? or * to list all spells.
A chill wind blows around you.
The centaur unwields an uncursed hand axe.
The centaur wields an uncursed shortbow.
The centaur shoots an arrow of flame.
The arrow of flame barely misses your ice beast.
The arrow of flame hits you!
You die...

######### #.......#
#.#####.# ########
#.#####.###.......
#............## #.
#Y#####.#.#.#.###.
#@.# #...........
#..## ###.#.#.##..
##YY.# ##...###..
##c###.####.........
#.## #.......####.#
####.# #.(......#
#.# #..c.##
##.#####..# #.#
#.###(###..#####..#
#.# #.#
##............# #.#


You could see a centaur and 3 friendly ice beasts.

Vanquished Creatures
  2 humans (D:8)
  An ogre (D:7)
  A crocodile (D:8)
  A scorpion (D:4)
  3 goliath beetles
  An electric eel (D:7)
  A hound (D:4)
  2 iguanas
  A worker ant (D:4)
  An orc wizard (D:7)
  A worm (D:5)
  An adder skeleton (D:8)
  3 giant geckos
  2 orcs
  A bat skeleton (D:8)
  A giant cockroach (D:7)
  4 hobgoblins
  3 jackals (D:4)
  A quokka (D:4)
  8 bats
  3 giant newts
  A goblin (D:2)
  3 kobolds
  3 rats
49 creatures vanquished.

Vanquished Creatures (collateral kills)
  An elephant (D:8)
  The ghost of Antondotnet the Magician, an average DEWz of Vehumet (D:5)
  3 humans (D:8)
  The ghost of Restia the Firebug, an average DEFE (D:3)
  2 phantoms
  3 sky beasts
  An ogre (D:6)
  A centaur (D:6)
  2 giant frogs
  4 crimson imps
  A hound (D:4)
  A jelly (D:5)
  A giant frog zombie (D:6)
  An orc wizard (D:4)
  An iron imp (D:5)
  A hound zombie (D:5)
  10 adders
  A worker ant zombie (D:5)
  2 shadow imps
  3 worms
  9 orcs
  4 ball pythons
  A bat zombie (D:6)
  10 hobgoblins
  9 jackals
  9 kobolds
  2 quokkas
  A bat (D:4)
  A giant cockroach zombie (D:5)
  A giant gecko (D:6)
  2 giant newts
  4 goblins
  A jackal zombie (D:6)
  An orc zombie (D:5)
  5 rats
101 creatures vanquished.

Vanquished Creatures (others)
  3 ice beasts (D:8)
  A crimson imp (D:4)
  20 hounds
  A white imp (D:5)
  2 quokkas (D:1)
  A bat (D:1)
  3 rats
31 creatures vanquished.

Grand Total: 181 creatures vanquished

Notes
Turn   | Place    | Note
--------------------------------------------------------------
     0 | D:1      | JacquesDerrida, the Merfolk Summoner, began the quest for the Orb.
     0 | D:1      | Reached XP level 1. HP: 13/13 MP: 3/3
   234 | D:1      | Reached XP level 2. HP: 19/19 MP: 4/4
   238 | D:1      | Learned a level 2 spell: Call Imp
   515 | D:2      | Reached XP level 3. HP: 17/24 MP: 1/6
   524 | D:2      | Learned a level 3 spell: Call Canine Familiar
   601 | D:2      | Reached skill level 5 in Summonings
  1154 | D:3      | Noticed Restia's ghost (average DEFE)
  1187 | D:3      | Killed Restia's ghost
  1187 | D:3      | Reached skill level 6 in Summonings
  1187 | D:3      | Reached XP level 4. HP: 30/30 MP: 3/7
  1354 | D:4      | Found a sparkling altar of Nemelex Xobeh.
  1383 | D:4      | Reached XP level 5. HP: 24/35 MP: 0/9
  1393 | D:4      | HP: 1/35 [something (4)]
  1685 | D:4      | Reached skill level 7 in Summonings
  1685 | D:4      | Reached XP level 6. HP: 19/41 MP: 10/10
  1746 | D:4      | Noticed a giant frog
  1755 | D:4      | Killed a giant frog
  1777 | D:4      | Found a stormy altar of Qazlal.
  1777 | D:4      | Noticed an air elemental
  1784 | D:4      | Noticed an earth elemental
  1784 | D:4      | Noticed a water elemental
  1784 | D:4      | Noticed a fire elemental
  2110 | D:5      | Entered Level 5 of the Dungeon
  2269 | D:5      | Noticed Antondotnet's ghost (average DEWz)
  2306 | D:6      | Found a staircase to the Ecumenical Temple.
  2565 | D:6      | Reached XP level 7. HP: 11/46 MP: 7/14
  2573 | D:6      | Learned a level 4 spell: Summon Ice Beast
  2662 | D:6      | Reached skill level 1 in Ice Magic
  2696 | D:6      | Reached skill level 8 in Summonings
  2743 | Temple   | Entered the Ecumenical Temple
  2904 | Temple   | Became a worshipper of Ashenzari the Shackled
  3201 | D:5      | Killed Antondotnet's ghost
  3401 | D:5      | Reached skill level 1 in Polearms
  3646 | D:7      | Found a basalt altar of Yredelemnul.
  3647 | D:7      | Found a shimmering altar of Xom.
  3785 | D:7      | Reached XP level 8. HP: 49/52 MP: 9/16
  3826 | D:7      | Found a glowing golden altar of the Shining One.
  4172 | D:8      | Reached skill level 5 in Ice Magic
  4187 | D:8      | Reached skill level 5 in Polearms
  4314 | D:8      | Identified the Disquisition on Hurtful Translocation (You found it on level 8 of the Dungeon)
  4435 | D:8      | Found a staircase to the Lair.
  4444 | D:8      | Noticed an elephant
  4475 | D:8      | Killed an elephant
  4475 | D:8      | Reached XP level 9. HP: 12/57 MP: 10/17
  4478 | D:8      | Shot with an arrow of flame by a centaur

Action                   |  1- 3 |  4- 6 |  7- 9 || total
-------------------------+-------+-------+-------++-------
Melee: Short sword       |    54 |    52 |    37 ||   143
       Glaive            |       |       |    51 ||    51
 Fire: Blowgun           |       |    23 |    20 ||    43
Throw: Javelin           |       |     2 |       ||     2
 Cast: Summon Small Mamm |    12 |       |       ||    12
       Call Imp          |    11 |     8 |     3 ||    22
       Call Canine Famil |    11 |    30 |    22 ||    63
       Summon Ice Beast  |       |       |    20 ||    20
Evoke: Wand              |       |       |     2 ||     2
  Use: Potion            |       |     5 |       ||     5
       Scroll            |       |       |    16 ||    16
 Stab: Sleeping          |     2 |     3 |     4 ||     9
       Distracted        |       |     1 |     3 ||     4
  Eat: Chunk             |     3 |     8 |     8 ||    19
       Beef jerky        |       |     1 |     2 ||     3
